[Event "FRA-ch Open A-D 2018"]
[Site "Nimes"]
[Date "2018.08.20"]
[Round "3"]
[White "Marcellier, Clement"]
[Black "Plumat, Thibaud"]
[Result "0-1"]
[ECO "B06"]
[WhiteElo "1491"]
[BlackElo "1400"]
[Annotator "NA"]
[PlyCount "92"]
[EventDate "2018.08.18"]
[EventType "tourn"]
[EventCountry "FRA"]
[SourceTitle "playchess.com"]
[Source "ChessBase"]
[SourceQuality "1"]
[TimeControl "40/5400+30:1800+30"]

1. e4 g6 2. d4 Bg7 3. Nf3 d6 4. Bc4 Nd7 5. c3 e6 6. Bb3 b6 7. Bg5 Ne7 8. Nbd2 h6 9. Bh4 Bb7 10. O-O O-O 11. Re1 a6 12. h3 Kh7 13. Qc2 Qe8 14. Rad1 Rc8 15. Qb1 Kh8 16. Qd3 e5 17. d5 Nc5 18. Qe3 g5 19. Bxg5 hxg5 20. Qxg5 f6 21. Qh4+ Kg8 22. Bc2 Qg6 23. b4 Nd7 24. Bd3 Kf7 25. g4 Rh8 26. Qg3 Qh6 27. h4 Ng6 28. h5 Nf4 29. Bc4 Rcg8 30. Kf1 Bf8 31. Qh4 Be7 32. Re3 f5 33. g5 Qxh5 34. Qxh5+ Rxh5 35. exf5 Rh1+ 36. Ng1 Rxg5 37. Ndf3 Rxf5 38. Bd3 Rfh5 39. Bc4 Rh8 40. Bb3 Rg8 41. a4 Ke8 42. Rc1 Nh3 43. Ree1 Nf4 44. Rcd1 Nf8 45. c4 Bc8 46. Bc2 Bh3# 0-1

[Event "FRA-ch Open A-D 2018"]
[Site "Nimes"]
[Date "2018.08.20"]
[Round "3"]
[White "Swaidan, Ali"]
[Black "Girardot, Frederic"]
[Result "1-0"]
[ECO "D15"]
[WhiteElo "1488"]
[BlackElo "1399"]
[Annotator "NA"]
[PlyCount "125"]
[EventDate "2018.08.18"]
[EventType "tourn"]
[EventCountry "FRA"]
[SourceTitle "playchess.com"]
[Source "ChessBase"]
[SourceQuality "1"]
[TimeControl "40/5400+30:1800+30"]

1. d4 d5 2. c4 c6 3. Nc3 Nf6 4. Nf3 Bf5 5. Bf4 e6 6. e3 Nbd7 7. Bd3 Bg6 8. O-O Bb4 9. c5 Ba5 10. Rb1 Bc7 11. Bxc7 Qxc7 12. b4 O-O 13. a4 e5 14. Bxg6 fxg6 15. dxe5 Nxe5 16. Nxe5 Qxe5 17. Ne2 Rfe8 18. Qd4 Qe6 19. b5 Kh8 20. Nf4 Qe7 21. Rb2 Ne4 22. Nd3 Qf6 23. Qb4 Qc3 24. bxc6 bxc6 25. Qxc3 Nxc3 26. Rc1 Ne4 27. Rcb1 h6 28. a5 Nc3 29. Rc1 Nb5 30. Nf4 Kh7 31. Nxd5 Red8 32. Nb4 Rac8 33. Nxc6 Rxc6 34. Rxb5 a6 35. Rbb1 Rd5 36. Ra1 Rcxc5 37. Rxc5 Rxc5 38. h4 g5 39. hxg5 Rxg5 40. f3 Rb5 41. Kf2 Kg6 42. f4 Kf6 43. Kf3 g6 44. g3 Ke6 45. e4 h5 46. Ra3 Kf7 47. g4 hxg4+ 48. Kxg4 Kf6 49. e5+ Ke6 50. Kg5 Kf7 51. Rc3 Rxa5 52. Rc7+ Ke6 53. Kxg6 Kd5 54. Kf6 Ke4 55. Rc4+ Kd5 56. Rb4 Rc5 57. e6 a5 58. Ra4 Rc8 59. Rxa5+ Kd6 60. Kf7 Rc7+ 61. Kf6 Rh7 62. Ra6+ Kd5 63. f5 1-0

[Event "FRA-ch Open A-D 2018"]
[Site "Nimes"]
[Date "2018.08.20"]
[Round "3"]
[White "Thoreux-Josso, Aaron"]
[Black "Charruyer, Baptiste"]
[Result "1-0"]
[ECO "B01"]
[WhiteElo "1399"]
[BlackElo "1488"]
[Annotator "NA"]
[PlyCount "87"]
[EventDate "2018.08.18"]
[EventType "tourn"]
[EventCountry "FRA"]
[SourceTitle "playchess.com"]
[Source "ChessBase"]
[SourceQuality "1"]
[TimeControl "40/5400+30:1800+30"]

1. e4 d5 2. exd5 Nf6 3. d4 Bg4 4. Be2 Bxe2 5. Qxe2 Qxd5 6. Nf3 e6 7. Bf4 Bd6 8. Bxd6 Qxd6 9. c3 O-O 10. O-O Nbd7 11. Nbd2 Rfe8 12. Nc4 Qd5 13. Nce5 Rad8 14. Qc4 c5 15. Qxd5 exd5 16. Nxd7 Nxd7 17. dxc5 Nxc5 18. Rfe1 Re4 19. Rad1 f5 20. Kf1 Na4 21. Nd4 g6 22. Rb1 Rde8 23. Red1 Kf7 24. Nb5 R8e6 25. Nc7 Rd6 26. Nxd5 Re5 27. Ne3 Rxd1+ 28. Rxd1 Nxb2 29. Rb1 Nd3 30. Rxb7+ Kf6 31. Rxa7 h5 32. Ra6+ Kf7 33. Rd6 Nf4 34. g3 Ne6 35. Rd5 Re4 36. Rd7+ Kf8 37. Ra7 f4 38. Ng2 Rc4 39. Ra3 g5 40. Ke2 Re4+ 41. Kd2 Nc5 42. gxf4 gxf4 43. Ra5 Na4 44. Rf5+ 1-0

[Event "FRA-ch Open A-D 2018"]
[Site "Nimes"]
[Date "2018.08.20"]
[Round "3"]
[White "Menjra, Yanis"]
[Black "Borrini, Rodrigue"]
[Result "0-1"]
[ECO "A04"]
[WhiteElo "1391"]
[BlackElo "1481"]
[Annotator "NA"]
[PlyCount "50"]
[EventDate "2018.08.18"]
[EventType "tourn"]
[EventCountry "FRA"]
[SourceTitle "playchess.com"]
[Source "ChessBase"]
[SourceQuality "1"]
[TimeControl "40/5400+30:1800+30"]

1. Nf3 e6 2. g3 f5 3. Bg2 d5 4. d4 Nf6 5. c4 c6 6. cxd5 exd5 7. Nc3 Bd6 8. Qc2 Ne4 9. a3 Nd7 10. h4 Ndf6 11. Bg5 Qc7 12. Bxf6 Nxf6 13. Rc1 Be6 14. Ng5 Qe7 15. Nxe6 Qxe6 16. O-O O-O 17. Bh3 Nh5 18. Rce1 Nxg3 19. fxg3 Qe3+ 20. Kh1 Qxg3 21. e3 Qxh3+ 22. Kg1 Rf6 23. Rf2 Bg3 24. Rf3 Rg6 25. Rxg3 Rxg3+ 0-1

[Event "FRA-ch Open A-D 2018"]
[Site "Nimes"]
[Date "2018.08.21"]
[Round "4"]
[White "Bianchi, Guillaume"]
[Black "Bajoni, Lucas"]
[Result "1-0"]
[ECO "A45"]
[WhiteElo "2064"]
[BlackElo "2098"]
[Annotator "NA RC"]
[PlyCount "71"]
[EventDate "2018.08.18"]
[EventType "tourn"]
[EventCountry "FRA"]
[SourceTitle "playchess.com"]
[Source "ChessBase"]
[SourceQuality "1"]
[TimeControl "40/5400+30:1800+30"]

1. d4 Nf6 2. Bf4 c5 3. d5 d6 4. c4 e5 5. dxe6 Bxe6 6. Nc3 Qa5 7. Qb3 Nbd7 8. Bd2 Qc7 9. Nf3 h6 10. e4 a6 11. Qc2 g6 12. Be2 Bg7 13. Rd1 O-O 14. O-O Ne5 15. Nxe5 dxe5 16. Nd5 Nxd5 17. cxd5 Bd7 18. Rc1 Rfc8 19. b4 b6 20. Be3 Bf8 21. Rfd1 Qd8 22. bxc5 bxc5 23. Qc3 Bb5 24. Bg4 Rc7 25. f4 exf4 26. Bxf4 Rb7 27. Bf3 Ba4 28. Re1 Rb4 29. Bg3 Bb5 30. e5 Bc4 31. a3 Ra4 32. e6 Bg7 33. exf7+ Kxf7 34. Be5 Bxe5 35. Qxe5 Ra7 36. d6 1-0

[Event "FRA-ch Open A-D 2018"]
[Site "Nimes"]
[Date "2018.08.21"]
[Round "4"]
[White "Destic, Pablo"]
[Black "Canivet, Arnaud"]
[Result "1-0"]
[ECO "B07"]
[WhiteElo "1921"]
[BlackElo "1825"]
[Annotator "NA RC"]
[PlyCount "59"]
[EventDate "2018.08.18"]
[EventType "tourn"]
[EventCountry "FRA"]
[SourceTitle "playchess.com"]
[Source "ChessBase"]
[SourceQuality "1"]
[TimeControl "40/5400+30:1800+30"]

1. e4 d6 2. d4 Nf6 3. Nc3 g6 4. Bc4 Bg7 5. Qe2 e5 6. dxe5 dxe5 7. Nf3 Qe7 8. O-O c6 9. Rd1 O-O 10. Bg5 Bg4 11. h3 Bxf3 12. Qxf3 b5 13. Bb3 a5 14. a4 b4 15. Nb1 Na6 16. Nd2 Nc5 17. Nc4 Nb7 18. Qe2 h6 19. Bd2 Rfd8 20. f3 Nh5 21. Be3 Nf4 22. Qf2 Bf6 23. Kh2 Kh7 24. Bb6 Rxd1 25. Rxd1 c5 26. Qd2 Bh4 27. Qd7 Qg5 28. Qxf7+ Kh8 29. g4 Ne6 30. Rd7 1-0

[Event "FRA-ch Open A-D 2018"]
[Site "Nimes"]
[Date "2018.08.21"]
[Round "4"]
[White "Cassam-Chenai, Eric"]
[Black "Verhille, Elie"]
[Result "1-0"]
[ECO "C02"]
[WhiteElo "1914"]
[BlackElo "1862"]
[Annotator "NA RC"]
[PlyCount "91"]
[EventDate "2018.08.18"]
[EventType "tourn"]
[EventCountry "FRA"]
[SourceTitle "playchess.com"]
[Source "ChessBase"]
[SourceQuality "1"]
[TimeControl "40/5400+30:1800+30"]

1. e4 e6 2. d4 d5 3. e5 c5 4. c3 Bd7 5. Nf3 Qb6 6. Bd3 Bb5 7. dxc5 Bxc5 8. b4 Bxf2+ 9. Ke2 Bxd3+ 10. Qxd3 f6 11. Rf1 fxe5 12. Nxe5 Qc7 13. Bf4 g5 14. Bg3 Bxg3 15. Qxg3 Nh6 16. Rf6 Qg7 17. Rxe6+ Kd8 18. Qd3 Re8 19. Qxd5+ Nd7 20. Nxd7 Qxd7 21. Qxg5+ Re7 22. Qxe7+ Qxe7 23. Rxe7 Kxe7 24. Nd2 Rg8 25. Re1 Kd7 26. Rg1 Ng4 27. Nf3 Re8+ 28. Kd2 Nf2 29. Re1 Ne4+ 30. Kc2 h6 31. Nd2 Ng5 32. Rxe8 Kxe8 33. Kd3 Ke7 34. Ne4 Ne6 35. Ke3 b6 36. g4 Nc7 37. c4 b5 38. Kd4 h5 39. g5 h4 40. c5 Ke6 41. g6 Kf5 42. g7 Ne6+ 43. Kd5 Nxg7 44. c6 Ne6 45. Nd6+ Kg4 46. Kxe6 1-0

[Event "FRA-ch Open A-D 2018"]
[Site "Nimes"]
[Date "2018.08.21"]
[Round "4"]
[White "Brouard, Gregoire"]
[Black "Verin, Jules"]
[Result "1-0"]
[ECO "A42"]
[WhiteElo "1898"]
[BlackElo "1941"]
[Annotator "NA RC"]
[PlyCount "41"]
[EventDate "2018.08.18"]
[EventType "tourn"]
[EventCountry "FRA"]
[SourceTitle "playchess.com"]
[Source "ChessBase"]
[SourceQuality "1"]
[TimeControl "40/5400+30:1800+30"]

1. d4 g6 2. c4 Bg7 3. Nc3 d6 4. e4 e5 5. Be3 Nd7 6. f4 exf4 7. Bxf4 Qf6 8. Be3 c5 9. Nb5 cxd4 10. Bxd4 Qh4+ 11. Bf2 Qxe4+ 12. Be2 Be5 13. Nc7+ Kd8 14. Nxa8 Ngf6 15. Nf3 Re8 16. O-O Ng4 17. Nxe5 Ngxe5 18. Qxd6 b6 19. Bf3 Nxf3+ 20. gxf3 Qxa8 21. Bh4+ 1-0

[Event "FRA-ch Open A-D 2018"]
[Site "Nimes"]
[Date "2018.08.21"]
[Round "4"]
[White "Famel, Edouard"]
[Black "Sabatier, Mathis"]
[Result "1/2-1/2"]
[ECO "C44"]
[WhiteElo "1762"]
[BlackElo "1904"]
[Annotator "NA RC"]
[PlyCount "60"]
[EventDate "2018.08.18"]
[EventType "tourn"]
[EventCountry "FRA"]
[SourceTitle "playchess.com"]
[Source "ChessBase"]
[SourceQuality "1"]
[TimeControl "40/5400+30:1800+30"]

1. e4 e5 2. Nf3 Nc6 3. c3 Nf6 4. d4 exd4 5. e5 Qe7 6. cxd4 d6 7. Bb5 a6 8. Bxc6+ bxc6 9. O-O Nd5 10. Re1 Be6 11. Nc3 Nxc3 12. bxc3 d5 13. Qb3 Qd8 14. Qb7 Kd7 15. Ng5 Be7 16. f4 Bxg5 17. fxg5 Qb8 18. Qb3 Qb5 19. Qc2 Rab8 20. Ba3 g6 21. Rf1 Qc4 22. Rf2 Ke8 23. Bb4 Bf5 24. Rxf5 gxf5 25. Qxf5 Rxb4 26. Qc8+ Ke7 27. Qxc7+ Ke8 28. Qc8+ Ke7 29. Qc7+ Ke8 30. Qc8+ Ke7 1/2-1/2

[Event "FRA-ch Open A-D 2018"]
[Site "Nimes"]
[Date "2018.08.21"]
[Round "4"]
[White "Rasolo, Loick"]
[Black "Cregut, Marian"]
[Result "1/2-1/2"]
[ECO "B40"]
[WhiteElo "1723"]
[BlackElo "1638"]
[Annotator "NA RC"]
[PlyCount "58"]
[EventDate "2018.08.18"]
[EventType "tourn"]
[EventCountry "FRA"]
[SourceTitle "playchess.com"]
[Source "ChessBase"]
[SourceQuality "1"]
[TimeControl "40/5400+30:1800+30"]

1. e4 c5 2. Nf3 e6 3. c3 d5 4. exd5 exd5 5. d4 Nc6 6. Be2 Nf6 7. O-O Bd6 8. Bg5 Be6 9. Nbd2 O-O 10. dxc5 Bxc5 11. Nb3 Be7 12. Nfd4 Qd7 13. Re1 Rad8 14. Bxf6 Bxf6 15. Nc5 Qe7 16. Ncxe6 fxe6 17. Bg4 Nxd4 18. cxd4 Rd6 19. Rc1 Qf7 20. Rc3 Re8 21. Rce3 g6 22. Bh3 Rc6 23. g3 Kg7 24. Rc3 Qc7 25. Rxe6 Rexe6 26. Bxe6 Rxc3 27. bxc3 Qxc3 28. Bxd5 b6 29. Bb3 Qxd4 1/2-1/2

[Event "FRA-ch Open A-D 2018"]
[Site "Nimes"]
[Date "2018.08.21"]
[Round "4"]
[White "Silvera, Ruben"]
[Black "Auffray-Bonnet, Gaspard"]
[Result "1-0"]
[ECO "D15"]
[WhiteElo "1688"]
[BlackElo "1736"]
[Annotator "NA RC"]
[PlyCount "105"]
[EventDate "2018.08.18"]
[EventType "tourn"]
[EventCountry "FRA"]
[SourceTitle "playchess.com"]
[Source "ChessBase"]
[SourceQuality "1"]
[TimeControl "40/5400+30:1800+30"]

1. d4 d5 2. c4 c6 3. Nf3 Nf6 4. Nc3 Bf5 5. cxd5 cxd5 6. Qb3 Qb6 7. Nxd5 Qxb3 8. Nxf6+ exf6 9. axb3 Bc2 10. d5 Bxb3 11. e4 Bc2 12. Bb5+ Kd8 13. Nd2 Bb4 14. f3 f5 15. O-O Nd7 16. b3 Nc5 17. Ba3 Bxa3 18. Rxa3 Bd3 19. Bxd3 Nxd3 20. Nc4 Ke7 21. b4 Rhc8 22. Na5 Nxb4 23. Rb1 Nc2 24. Rxb7+ Kf6 25. Rd3 Rc5 26. Nb3 Rc4 27. d6 Nb4 28. Rd1 Nc6 29. Rc7 Rb8 30. d7 Rd8 31. Rd6+ Ke7 32. Rdxc6 Rxc6 33. Rxc6 Kxd7 34. Ra6 fxe4 35. Rxa7+ Ke8 36. fxe4 Rd3 37. Rb7 Re3 38. Nc5 Re2 39. Kf1 Rc2 40. Nd3 Rd2 41. Ne5 f6 42. Nf3 Rd7 43. Rxd7 Kxd7 44. Ke2 Ke6 45. Ke3 g6 46. Kf4 h6 47. g4 Ke7 48. e5 fxe5+ 49. Kxe5 Kf7 50. Nh4 g5 51. Nf5 Kg6 52. Ng3 Kg7 53. Ke4 1-0

[Event "FRA-ch Open A-D 2018"]
[Site "Nimes"]
[Date "2018.08.21"]
[Round "4"]
[White "Saugrain, Jean-Maxime"]
[Black "Alashtar, Aasef"]
[Result "0-1"]
[ECO "A16"]
[WhiteElo "1682"]
[BlackElo "1724"]
[Annotator "NA RC"]
[PlyCount "86"]
[EventDate "2018.08.18"]
[EventType "tourn"]
[EventCountry "FRA"]
[SourceTitle "playchess.com"]
[Source "ChessBase"]
[SourceQuality "1"]
[TimeControl "40/5400+30:1800+30"]

1. c4 Nf6 2. Nc3 c5 3. e3 g6 4. Nf3 Bg7 5. d4 cxd4 6. exd4 O-O 7. Be2 d5 8. cxd5 Nxd5 9. O-O Nc6 10. Be3 Nxe3 11. fxe3 Qb6 12. Na4 Qa5 13. Re1 Rd8 14. Rc1 Rd6 15. Rc5 Qd8 16. Qc1 Bd7 17. b3 b6 18. Rc2 Bh6 19. Bf1 Nxd4 20. Nxd4 Rxd4 21. Nb2 Bf5 22. Rc4 Rxc4 23. Qxc4 Rc8 24. Qh4 Bg7 25. Nd1 Bf6 26. Qg3 Rc1 27. e4 Qd4+ 28. Ne3 Rxe1 29. Qxe1 Qxe4 30. Qd2 Bd4 31. Kf2 e5 32. h3 h5 33. Bc4 Qf4+ 34. Ke2 Be4 35. Bd3 Bxd3+ 36. Kxd3 Qxe3+ 37. Qxe3 Bxe3 38. Kxe3 f5 39. Kd3 Kf7 40. g3 g5 41. Ke3 Ke6 42. Kf3 e4+ 43. Ke2 Ke5 0-1

[Event "FRA-ch Open A-D 2018"]
[Site "Nimes"]
[Date "2018.08.21"]
[Round "4"]
[White "Chemier, Maxime"]
[Black "Lebret, Loriane"]
[Result "1/2-1/2"]
[ECO "B06"]
[WhiteElo "1626"]
[BlackElo "1696"]
[Annotator "NA RC"]
[PlyCount "83"]
[EventDate "2018.08.18"]
[EventType "tourn"]
[EventCountry "FRA"]
[SourceTitle "playchess.com"]
[Source "ChessBase"]
[SourceQuality "1"]
[TimeControl "40/5400+30:1800+30"]

1. e4 g6 2. d4 Nf6 3. Nc3 d5 4. e5 Ne4 5. Nxe4 dxe4 6. Bc4 c5 7. dxc5 Qa5+ 8. c3 Qxc5 9. Qd5 Qxd5 10. Bxd5 Nd7 11. e6 fxe6 12. Bxe4 Nc5 13. Bc2 Bg7 14. Bg5 Bd7 15. Ne2 e5 16. Ng3 Bc6 17. O-O Ne6 18. Be3 Nf4 19. f3 O-O 20. Rad1 b6 21. Ne4 Rad8 22. Ng5 Bf6 23. Bxf4 Rxd1 24. Rxd1 exf4 25. Ne6 Rc8 26. Nxf4 e5 27. Nd3 e4 28. fxe4 Bxe4 29. Bb3+ Kg7 30. Nf4 Bf5 31. h3 Rd8 32. Re1 Rd2 33. Re2 Rxe2 34. Nxe2 Bg5 35. Bc4 Be3+ 36. Kf1 Be4 37. a4 Bc6 38. Bb5 Bxb5 39. axb5 Kf6 40. Ng3 Ke5 41. Ke2 Bf4 42. Nf1 1/2-1/2

[Event "FRA-ch Open A-D 2018"]
[Site "Nimes"]
[Date "2018.08.21"]
[Round "4"]
[White "Borrini, Rodrigue"]
[Black "Leccia, Thomas"]
[Result "1/2-1/2"]
[ECO "A43"]
[WhiteElo "1481"]
[BlackElo "1408"]
[Annotator "NA RC"]
[PlyCount "63"]
[EventDate "2018.08.18"]
[EventType "tourn"]
[EventCountry "FRA"]
[SourceTitle "playchess.com"]
[Source "ChessBase"]
[SourceQuality "1"]
[TimeControl "40/5400+30:1800+30"]

1. d4 c5 2. c3 e6 3. Bf4 Nc6 4. e3 d5 5. Nd2 Nf6 6. Ngf3 Be7 7. Bd3 Bd7 8. Ne5 Nxe5 9. dxe5 Ng8 10. Bg3 c4 11. Bc2 h5 12. h3 Bc5 13. Nf3 Ne7 14. Nd4 Nc6 15. Qd2 a6 16. f4 Qe7 17. Qf2 h4 18. Bh2 O-O-O 19. b3 f6 20. Qe2 fxe5 21. fxe5 cxb3 22. axb3 Qg5 23. Bf4 Nxd4 24. Bxg5 Nxe2 25. Bxd8 Ng3 26. Rg1 Kxd8 27. Kd2 Rf8 28. Rae1 Rf2+ 29. Kd1 Be8 30. e4 Bh5+ 31. Kc1 Ne2+ 32. Kd1 1/2-1/2

[Event "FRA-ch Open A-D 2018"]
[Site "Nimes"]
[Date "2018.08.21"]
[Round "4"]
[White "Bernard, Thomas"]
[Black "Blondel, Jean-Michel"]
[Result "1/2-1/2"]
[ECO "B01"]
[WhiteElo "1466"]
[BlackElo "1402"]
[Annotator "NA RC"]
[PlyCount "42"]
[EventDate "2018.08.18"]
[EventType "tourn"]
[EventCountry "FRA"]
[SourceTitle "playchess.com"]
[Source "ChessBase"]
[SourceQuality "1"]
[TimeControl "40/5400+30:1800+30"]

1. e4 d5 2. exd5 Qxd5 3. Nc3 Qd6 4. d4 Nf6 5. Nf3 a6 6. Bc4 b5 7. Bb3 c5 8. dxc5 Qxd1+ 9. Nxd1 e6 10. Be3 Bb7 11. Nc3 Nbd7 12. a4 b4 13. Na2 a5 14. Bc4 Bxc5 15. Bxc5 Nxc5 16. Bb5+ Ke7 17. O-O-O Rad8 18. Ne5 Rxd1+ 19. Rxd1 Bd5 20. Nc6+ Bxc6 21. Bxc6 Rd8 1/2-1/2

[Event "FRA-ch Open A-D 2018"]
[Site "Nimes"]
[Date "2018.08.21"]
[Round "4"]
[White "Jugeau, Frederic"]
[Black "Swaidan, Ali"]
[Result "1-0"]
[ECO "C02"]
[WhiteElo "1409"]
[BlackElo "1488"]
[Annotator "NA RC"]
[PlyCount "103"]
[EventDate "2018.08.18"]
[EventType "tourn"]
[EventCountry "FRA"]
[SourceTitle "playchess.com"]
[Source "ChessBase"]
[SourceQuality "1"]
[TimeControl "40/5400+30:1800+30"]

1. e4 e6 2. d4 d5 3. e5 c5 4. c3 Nc6 5. Nf3 Qb6 6. a3 a5 7. a4 Bd7 8. Bb5 cxd4 9. cxd4 Bb4+ 10. Nc3 Nge7 11. O-O Nf5 12. Ne2 Rc8 13. g4 Nfe7 14. Be3 h5 15. Ng3 hxg4 16. Ne1 f5 17. Nd3 Nxd4 18. Bxd7+ Kxd7 19. Nxb4 Nf3+ 20. Qxf3 gxf3 21. Bxb6 axb4 22. Rfc1 Nc6 23. a5 Nxe5 24. Rxc8 Rxc8 25. Bd4 Nc4 26. a6 Ra8 27. b3 Nd2 28. axb7 Rxa1+ 29. Bxa1 Kc7 30. Bxg7 Nxb3 31. h4 Na5 32. b8=Q+ Kxb8 33. h5 Nc6 34. Bf6 e5 35. Nf1 b3 36. Nd2 b2 37. h6 e4 38. h7 Nb4 39. h8=Q+ Kb7 40. Qg7+ Kc6 41. Nb1 f4 42. Bxb2 Nd3 43. Qf6+ Kb5 44. Nc3+ Kc4 45. Qc6+ Kb3 46. Nxe4 dxe4 47. Qxe4 Nxb2 48. Qxf3+ Kc2 49. Qxf4 Nd3 50. Qf5 Kd2 51. f4 Ke3 52. Qxd3+ 1-0

[Event "FRA-ch Open A-D 2018"]
[Site "Nimes"]
[Date "2018.08.21"]
[Round "4"]
[White "Faillat, Alois"]
[Black "Alcindor, Samuel"]
[Result "1/2-1/2"]
[ECO "B23"]
[WhiteElo "1408"]
[BlackElo "1462"]
[Annotator "NA RC"]
[PlyCount "91"]
[EventDate "2018.08.18"]
[EventType "tourn"]
[EventCountry "FRA"]
[SourceTitle "playchess.com"]
[Source "ChessBase"]
[SourceQuality "1"]
[TimeControl "40/5400+30:1800+30"]

1. e4 c5 2. Nc3 Nc6 3. f4 e6 4. Nf3 d5 5. exd5 exd5 6. d3 Nf6 7. Be2 Bd6 8. d4 cxd4 9. Nxd4 a6 10. Be3 O-O 11. Qd2 Bb4 12. a3 Ne4 13. Nxc6 bxc6 14. Qd4 Bc5 15. Qd3 Qh4+ 16. Kd1 Bxe3 17. Nxe4 Bxf4 18. Nd2 Bd6 19. Qf3 Rb8 20. Nb3 Re8 21. Rf1 Rb7 22. h3 Rbe7 23. Nc1 Qd4+ 24. Qd3 Qxb2 25. Ra2 Qb5 26. Qf3 Qb6 27. c3 Qe3 28. Qxe3 Rxe3 29. Nd3 a5 30. a4 Ba6 31. Rd2 Rg3 32. Bh5 g6 33. Bf3 Re3 34. Kc2 Bxd3+ 35. Rxd3 Rxd3 36. Kxd3 Rg5 37. Rb1 c5 38. Rb6 c4+ 39. Kc2 Bc7 40. Rb7 Bf4 41. Ra7 Re5 42. Rxa5 Re3 43. Rxd5 Be5 44. Kd2 Bf4 45. Kc2 Be5 46. Kd2 1/2-1/2

[Event "FRA-ch Open A-D 2018"]
[Site "Nimes"]
[Date "2018.08.22"]
[Round "5"]
[White "Girardon, Jerome"]
[Black "El Mchaouri Mas, Younes"]
[Result "0-1"]
[ECO "E71"]
[WhiteElo "2186"]
[BlackElo "2120"]
[Annotator "NA"]
[PlyCount "46"]
[EventDate "2018.08.18"]
[EventType "tourn"]
[EventCountry "FRA"]
[SourceTitle "playchess.com"]
[Source "ChessBase"]
[SourceQuality "1"]
[TimeControl "40/5400+30:1800+30"]

1. d4 g6 2. c4 Bg7 3. e4 d6 4. Nc3 Nf6 5. h3 O-O 6. Be3 c5 7. dxc5 Qa5 8. Bd3 $11 ({Much worse is} 8. cxd6 Nxe4 9. Nge2 Nxd6 $17) 8... dxc5 9. e5 Ne8 10. f4 f6 11. exf6 Nxf6 12. Nf3 Nc6 13. O-O Rd8 14. Nd5 Nxd5 15. cxd5 Nb4 16. Bd2 c4 17. Be4 Bxb2 18. Rb1 Qc5+ 19. Kh1 c3 20. Rxb2 cxb2 21. Qb3 Nxd5 22. Bb4 Qb5 23. Nd4 Qxf1+ {[%emt 0:00:10] Nf3 Qb5} 0-1

[Event "FRA-ch Open A-D 2018"]
[Site "Nimes"]
[Date "2018.08.22"]
[Round "5"]
[White "Pham, Arthur"]
[Black "Bianchi, Guillaume"]
[Result "1-0"]
[ECO "B40"]
[WhiteElo "2107"]
[BlackElo "2064"]
[Annotator "NA"]
[PlyCount "65"]
[EventDate "2018.08.18"]
[EventType "tourn"]
[EventCountry "FRA"]
[SourceTitle "playchess.com"]
[Source "ChessBase"]
[SourceQuality "1"]
[TimeControl "40/5400+30:1800+30"]

1. e4 c5 2. Nf3 e6 3. c3 Nf6 4. Bd3 Nc6 5. O-O d5 6. e5 Nd7 {[%emt 0:00:16] LiveBook: 31 Games} 7. Bb5 Qc7 8. d4 h6 9. a3 b6 10. Re1 Be7 11. Nbd2 Bb7 $14 12. b4 a5 13. bxc5 bxc5 14. Nf1 Ba6 15. Ba4 Nb6 16. Bc2 Bxf1 17. Kxf1 c4 18. a4 Kd7 19. Nd2 Rab8 20. Nb1 Rb7 21. Qg4 g6 22. Ba3 Qd8 23. Bxe7 Qxe7 24. Na3 Na7 25. Re3 Kc8 26. Ree1 Nd7 27. Qf4 h5 28. Ra2 Kc7 29. Nb5+ Nxb5 30. axb5 Ra8 31. Rea1 Kb6 32. Ba4 Rba7 33. Rb1 1-0

[Event "FRA-ch Open A-D 2018"]
[Site "Nimes"]
[Date "2018.08.22"]
[Round "5"]
[White "Kollar, Romain"]
[Black "Lux, Hugo de Melo"]
[Result "1/2-1/2"]
[ECO "B41"]
[WhiteElo "2065"]
[BlackElo "2147"]
[Annotator "NA"]
[PlyCount "60"]
[EventDate "2018.08.18"]
[EventType "tourn"]
[EventCountry "FRA"]
[SourceTitle "playchess.com"]
[Source "ChessBase"]
[SourceQuality "1"]
[TimeControl "40/5400+30:1800+30"]

1. e4 c5 2. Nf3 e6 3. d4 cxd4 4. Nxd4 a6 5. c4 Nf6 6. Nc3 Qc7 7. a3 b6 8. Be3 {[%emt 0:00:20] LiveBook: 477 Games} Bb7 {[%emt 0:00:01] B41: Sicilian: Kan Variation: 5 c4} 9. f3 Be7 (9... Nc6 10. Rc1 Bc5 11. Qd2 O-O 12. Be2 Rac8 13. b4 Bxd4 14. Bxd4 Nxd4 15. Qxd4 {1-0 (33) Ponomariov,R (2694)-Fedorchuk,S (2648) Riadh 2017}) 10. Be2 O-O 11. O-O d6 12. Qd2 Nbd7 13. Rfc1 Rac8 14. b4 Qb8 15. Na4 Bd8 16. Nb3 $146 (16. Rab1 $14) ({Predecessor:} 16. Kh1) 16... Bc7 17. Kh1 $15 Rfe8 18. c5 dxc5 19. bxc5 b5 20. c6 bxa4 21. cxb7 Qxb7 22. Na5 Qa8 23. Nc4 Ne5 24. Qb4 Nxc4 25. Bxc4 Be5 26. Rab1 Qc6 27. Bb3 Qd6 28. Bxa4 Rxc1+ 29. Rxc1 Rb8 30. Qxd6 Bxd6 1/2-1/2

[Event "FRA-ch Open A-D 2018"]
[Site "Nimes"]
[Date "2018.08.22"]
[Round "5"]
[White "Caron, Damien"]
[Black "Pupier, Terry"]
[Result "0-1"]
[ECO "A41"]
[WhiteElo "2038"]
[BlackElo "2068"]
[Annotator "NA"]
[PlyCount "70"]
[EventDate "2018.08.18"]
[EventType "tourn"]
[EventCountry "FRA"]
[SourceTitle "playchess.com"]
[Source "ChessBase"]
[SourceQuality "1"]
[TimeControl "40/5400+30:1800+30"]

1. Nf3 d6 2. d4 Bg4 3. Nbd2 Nd7 4. h3 Bh5 5. c3 c6 {[%emt 0:05:07] LiveBook: 9 Games} 6. e4 e5 7. Be2 Ngf6 8. O-O Be7 9. Re1 O-O 10. Qc2 Bg6 11. Bd3 Nh5 12. g3 h6 13. Nc4 $14 Qc7 14. Ne3 Rae8 15. Ng2 Bh7 16. Bd2 Bd8 17. b4 exd4 18. cxd4 Nhf6 19. Rac1 Qb8 20. g4 Re7 21. g5 hxg5 22. Nxg5 Rfe8 23. Nxh7 Nxh7 24. e5 Nhf8 25. f4 Bb6 26. Be3 Qd8 27. Qf2 dxe5 28. fxe5 Ne6 29. Rcd1 Ndf8 30. Bc2 Rd7 31. Nf4 Nxd4 32. e6 Ndxe6 33. Nxe6 Rxe6 34. Rxd7 Qxd7 35. Bf5 Rxe3 0-1

[Event "FRA-ch Open A-D 2018"]
[Site "Nimes"]
[Date "2018.08.22"]
[Round "5"]
[White "Cassam-Chenai, Eric"]
[Black "Brouard, Gregoire"]
[Result "1/2-1/2"]
[ECO "C02"]
[WhiteElo "1914"]
[BlackElo "1898"]
[Annotator "NA"]
[PlyCount "143"]
[EventDate "2018.08.18"]
[EventType "tourn"]
[EventCountry "FRA"]
[SourceTitle "playchess.com"]
[Source "ChessBase"]
[SourceQuality "1"]
[TimeControl "40/5400+30:1800+30"]

1. e4 e6 2. d4 d5 3. e5 c5 4. c3 Qb6 5. Nf3 Nc6 6. a3 Nh6 7. b4 cxd4 8. b5 $11 {[%emt 0:00:16] LiveBook: 4 Partien} Na5 9. Bxh6 gxh6 10. cxd4 Bd7 11. Nbd2 Rg8 12. a4 Bb4 13. Rc1 Rg4 14. Bd3 Rxd4 15. Ke2 Rg4 16. g3 Ba3 17. Rb1 Rc8 18. h3 Rb4 19. Rxb4 Bxb4 20. Qb1 Bxd2 21. Nxd2 Rc3 22. Qb4 Qc7 23. f4 b6 24. Rb1 Qc5 25. h4 Bc8 26. g4 Bb7 27. f5 d4 28. Qxc5 bxc5 29. b6 a6 30. fxe6 fxe6 31. Rf1 Ke7 32. g5 hxg5 33. hxg5 Nc6 34. Rh1 Nxe5 35. Rxh7+ Kd6 36. Rxb7 Rxd3 37. Nc4+ Kd5 38. Nxe5 Re3+ 39. Kd1 Rxe5 40. Rd7+ Kc6 41. b7 Rxg5 42. b8=Q Kxd7 43. Qa7+ Kd6 44. Qxa6+ Kd5 45. Qb5 e5 46. a5 e4 47. Qb7+ Kc4 48. Qxe4 Rg1+ 49. Kc2 Kb5 50. Qd5 d3+ 51. Kb2 Kb4 52. Qxd3 Kxa5 53. Qe3 Rg2+ 54. Kc1 Kb5 55. Qb3+ Ka5 56. Qd5 Rg1+ 57. Kc2 Kb5 58. Qb7+ Ka5 59. Kd3 Rg3+ 60. Kc4 Rg4+ 61. Kxc5 Rg5+ 62. Kc4 Rg4+ 63. Kc3 Rg3+ 64. Kc2 Ra3 65. Qa7+ Kb4 66. Qe7+ Ka4 67. Qb7 Ka5 68. Qd5+ Kb4 69. Qd6+ Ka4 70. Qc5 Ra2+ 71. Kc3 Rc2+ 72. Kxc2 1/2-1/2